 Dungeon Crawl Stone Soup version 0.24.0-29-g8ce449bc06 (webtiles) character file.

Game seed: 12092233363900056894, levelgen mode: deterministic

73651 Flugslaktarn the Severer (level 15, -28/140 HPs)
             Began as a Deep Dwarf Fighter on Nov 14, 2019.
             Was the Champion of Makhleb.
             Killed from afar by Bai Suzhen (66 damage)
             ... with a torrent of water
             ... on level 2 of the Swamp.
             The game lasted 00:14:15 (15153 turns).

Flugslaktarn the Severer (Deep Dwarf Fighter)      Turns: 15153, Time: 00:14:16

Health: -28/140    AC: 23    Str: 23    XL:     15   Next: 4%
Magic:  14/14      EV: 12    Int:  3    God:    Makhleb [******]
Gold:   1579       SH: 16    Dex: 12    Spells: 14/14 levels left

rFire    + + .     SeeInvis .   o - +5 broad axe of Domination {flame, +Fly rPois Str-2 Int-5}
rCold    + . .     Gourm    .   c - +0 shield
rNeg     + . .     Faith    .   S - +1 chain mail {rF+}
rPois    +         Spirit   .   m - +0 helmet
rElec    .         Reflect  +   I - +0 cloak
rCorr    .         Harm     .   V - +2 pair of gloves
MR       ++...                  M - +2 pair of boots
Stlth    ..........             k - +3 amulet of reflection
HPRegen  0.00/turn              (no ring)
MPRegen  0.14/turn              v - +3 ring of evasion

@: non-regenerating, very slow
A: damage resistance, heal wounds, cold resistance 1, fire resistance 1,
negative energy resistance 1, sense surroundings 2, weak 1, no regeneration
a: Heal Wounds, Minor Destruction, Lesser Servant of Makhleb, Major Destruction,
Greater Servant of Makhleb, Renounce Religion, Evoke Flight


You were on level 2 of the Swamp.
You worshipped Makhleb.
Makhleb was exalted by your worship.
You were very hungry.

You visited 5 branches of the dungeon, and saw 23 of its levels.
You also visited: Sewer, Ice Cave and Volcano.

You collected 2033 gold pieces.
You spent 454 gold pieces at shops.

Inventory:

Hand Weapons
 a - a +2 vampiric war axe
   (You took it off an orc on level 1 of the Orcish Mines)
 b - a +2 broad axe of flaming
   (You found it on level 7 of the Dungeon)
 o - the +5 broad axe of Domination (weapon) {flame, +Fly rPois Str-2 Int-5}
   (You found it on level 5 of the Lair of Beasts)

   It has been specially enchanted to burn those struck by it, causing extra
   injury to most foes and up to half again as much damage against particularly
   susceptible opponents.
   Big, fiery blades are also staple armaments of hydra-hunters.
   It affects your strength (-2).
   It affects your intelligence (-5).
   It protects you from poison.
   It lets you fly.
Armour
 c - a +0 shield (worn)
 m - a +0 helmet (worn)
   (You took it off Robin on level 3 of the Dungeon)
 I - a +0 cloak (worn)
   (You found it on level 1 of the Dungeon)
 J - the +2 pair of boots "Dizips" {+Inv rElec rF- Stlth+}
   (You found it on level 7 of the Dungeon)

   It makes you vulnerable to fire.
   It insulates you from electricity.
   It lets you turn invisible.
   It makes you more stealthy.
 M - a +2 pair of boots (worn)
   (You found it on level 7 of the Dungeon)
 S - a +1 chain mail of fire resistance (worn)
   (You found it in a volcano)
 V - a +2 pair of gloves (worn)
   (You found it on level 1 of the Dungeon)
Jewellery
 f - an uncursed ring of protection from fire
   (You found it on level 2 of the Lair of Beasts)
 i - an uncursed ring of see invisible
   (You found it on level 4 of the Lair of Beasts)
 k - a +3 amulet of reflection (around neck)
   (You found it on level 1 of the Dungeon)
 v - a +3 ring of evasion (right hand)
   (You found it on level 3 of the Dungeon)
 K - an uncursed ring of ice
   (You found it on level 9 of the Dungeon)
 O - the ring of Propriety {-Tele rElec AC+1 Int+3}
   (You bought it in a shop on level 1 of the Orcish Mines)

   [ring of protection]

   It affects your AC (+1).
   It affects your intelligence (+3).
   It insulates you from electricity.
   It prevents most forms of teleportation.
 U - a +5 ring of intelligence {unknown}
   (You found it on level 6 of the Lair of Beasts)
 X - an uncursed amulet of rage {unknown}
   (You found it on level 6 of the Lair of Beasts)
Wands
 G - a wand of enslavement (5)
   (You found it on level 6 of the Dungeon)
 N - a wand of clouds (1)
   (You bought it in a shop on level 8 of the Dungeon)
 T - a wand of scattershot (4)
   (You found it on level 5 of the Lair of Beasts)
Scrolls
 t - 6 scrolls of teleportation
 z - 2 scrolls of blinking
 C - a scroll of silence
 D - 4 scrolls of magic mapping
 E - a scroll of immolation {unknown}
 F - a scroll of fog
 H - 5 scrolls of enchant armour
 L - a scroll of fear {unknown}
 P - 12 scrolls of remove curse
 W - 2 scrolls of vulnerability
Potions
 d - 2 potions of might
 g - 14 potions of curing
 h - a potion of haste
 j - 3 potions of mutation
 l - 2 potions of cancellation
 n - a potion of resistance
 p - 2 potions of invisibility
 q - 6 potions of brilliance
 s - a potion of agility
 u - 3 potions of lignification
 w - 4 potions of heal wounds
 x - 4 potions of flight
 A - 2 potions of magic
Miscellaneous
 R - a lamp of fire (inert)
   (You found it on level 2 of the Lair of Beasts)
Comestibles
 e - 30 rations


   Skills:
 + Level 10.8 Fighting
 * Level 16.5 Axes
 + Level 12.5 Armour
 + Level 1.6 Dodging
 + Level 12.5 Shields
 + Level 11.8 Invocations
 - Level 6.0 Evocations


You had 14 spell levels left.
You didn't know any spells.
Your spell library was empty.

Dungeon Overview and Level Annotations

Branches:
Dungeon (11/15)            Temple (1/1) D:7            Lair (6/6) D:9
  Swamp (3/4) Lair:3       Spider (0/4) Lair:2        Slime (0/5) Lair:5
    Orc (2/2) D:11          Sewer (visited)           IceCv (visited)
Volcano (visited)
    Elf: Orc:2

Altars:
Ashenzari
Cheibriados
Dithmenos
Elyvilon
Fedhas
Gozag
Hepliaklqana
Kikubaaqudgha
Makhleb
Nemelex Xobeh
Okawaru
Qazlal
Ru
Sif Muna
Trog
Uskayaw
Vehumet
Wu Jian
Xom
Yredelemnul
Zin
The Shining One
Beogh
Jiyva

Shops:
D:5 !   D:6 [   D:8 *   Orc:1 *

Portals:
Hell: Lair:6

Annotations:
Lair:5 1 runed translucent door
Swamp:2 Bai Suzhen


Innate Abilities, Weirdness & Mutations

You are resistant to damage.
You can heal yourself by infusing magical energy.
You resist negative energy. (rN+)
You passively map the area around you.
You do not regenerate.
Your flesh is cold resistant. (rC+)
Your flesh is heat resistant. (rF+)
You are weak. (Str -2)


Message History

Bai Suzhen claws you but does no damage.
Bai Suzhen misses you.
Lightning arcs down from a storm cloud!
You hit Bai Suzhen but do no damage.
Bai Suzhen is almost dead.
You are standing in a thunderstorm.
You are struck by lightning!
You block Bai Suzhen's attack.
Bai Suzhen claws you but does no damage.
Bai Suzhen tramples you.
* * * LOW HITPOINT WARNING * * *
You hold your ground!
Your unstable footing causes you to fumble your attack.
You are standing in a thunderstorm.
Evoke which item? (* to show all) (? for menu, Esc to quit)
Aim the lamp in which direction?
Press: ? - help, Dir - move target cursor, f - Bai Suzhen
Aim: Bai Suzhen (almost dead)
The flames dance!
You are standing in a thunderstorm.
Bai Suzhen breathes water at you. The torrent of water hits you!!!
You die...

≈ ≈.≈≈≈...♣♣ *♣.≈♣.≈.≈≈.♣
,≈≈...≈.§..♣ ♣♣≈≈≈≈.≈..♣
♣≈≈≈≈≈§≈.≈♣.♣ ♣♣.≈≈..≈≈≈§♣
≈≈≈≈≈≈≈≈≈≈.♣ ♣♣≈.≈≈≈.§≈≈.♣
♣≈≈≈≈≈♣.♣§≈♣♣♣.≈≈≈≈≈≈≈≈≈.♣
♣♣.≈≈≈≈..≈♣.†§..§≈≈.♣.♣.♣.♣♣♣♣
♣..≈≈≈§..≈≈.≈♣§♣≈..♣.♣♣♣♣....♣
♣.≈≈≈..≈≈..≈≈≈§D≈♣.♣♣♣♣♣....♣♣
≈..≈≈§♣≈≈≈♣♣..§§@≈≈♣ ♣.♣..♣♣
≈≈..†≈≈§≈≈♣♣..≈≈≈♣.♣ ♣♣≈..♣
≈≈.†♣.≈≈..♣≈♣≈♣≈♣≈≈♣ ♣♣..≈.♣
≈≈.♣♣..≈.♣♣♣♣♣♣♣♣♣♣♣ ♣..≈≈§♣
≈§.♣♣♣.≈.≈♣ ,, ♣♣♣♣≈≈≈..♣ .≈.♣
♣♣.♣♣♣ ≈...≈≈≈≈♣♣ .≈.♣ ♣.♣ *
.≈...≈≈..♣♣ ≈≈.♣ ♣♣♣* ≈*
#♣♣♣..≈♣..♣ §..♣ * , *
♣≈♣.≈.♣♣


You could see Bai Suzhen.

Vanquished Creatures
  Rupert (Lair:5)
  An orc warlord (Orc:1)
  A red draconian (Volcano)
  Snorg (Lair:3)
  A fire dragon (Lair:5)
  9 hydras
  A catoblepas (Lair:4)
  2 ghost crabs (Swamp:1)
  10 alligators
  A two-headed ogre (D:11)
  Nergalle (Lair:2)
  A salamander mystic (Volcano)
  A sixfirhy (Lair:6)
  A swamp dragon (Swamp:1)
  A wizard (Lair:6)
  3 orc knights
  A lindwurm (Lair:5)
  4 salamanders (Volcano)
  2 orc sorcerers (Orc:2)
  3 ugly things
  6 black mambas
  4 elephants (Lair:6)
  2 molten gargoyles (Volcano)
  A smoke demon (Lair:6)
  3 ice statues (IceCv)
  14 spiny frogs
  An orange demon (Lair:6)
  16 rime drakes
  9 komodo dragons
  2 ice devils (Lair:6)
  2 red devils (Lair:6)
  A troll (Orc:1)
  Grinder (D:4)
  12 slime creatures (Swamp:2)
  2 tyrant leeches
  22 blink frogs
  4 bog bodies
  7 hippogriffs
  A shadow (Swamp:3)
  A spriggan (Lair:4)
  Sigmund (D:3)
  2 wyverns
  4 hogs (D:7)
  A human (D:7)
  A fire bat (Volcano)
  21 yaks
  2 basilisks
  2 hungry ghosts
  4 steam dragons (Lair:5)
  11 vampire mosquitoes
  8 swamp worms
  11 insubstantial wisps
  6 water moccasins
  3 porcupines
  5 hell hounds (Lair:6)
  Duvessa (D:4)
  12 orc warriors
  7 ice beasts
  3 swamp drakes
  A black bear (Lair:2)
  A sky beast (D:6)
  9 ogres
  3 centaurs
  14 wolves
  16 crocodiles
  3 big kobolds
  6 bullfrogs
  Blork the orc (D:4)
  Dowan (D:4)
  2 scorpions
  4 killer bees (D:9)
  3 electric eels
  8 wights (D:7)
  4 howler monkeys
  7 lava snakes (Volcano)
  A bullfrog zombie (D:5)
  8 crimson imps
  5 hounds
  7 orc priests
  2 bullfrog skeletons (D:8)
  2 centaur skeletons
  3 jellies
  Natasha (thrice) (D:3)
  2 iguanas
  5 orc wizards
  3 worker ants
  Robin (D:3)
  2 howler monkey skeletons
  10 adders
  2 river rats (Sewer)
  4 shadow imps
  2 adder skeletons
  3 worms
  49 orcs
  9 giant cockroaches
  7 hobgoblins
  11 jackals
  5 quokkas
  5 ball pythons
  A ball python skeleton (D:5)
  7 bats
  2 frilled lizards
  7 goblins
  16 kobolds
  A leopard gecko skeleton (D:6)
  A leopard gecko zombie (D:7)
  A quokka zombie (D:6)
  4 rats
  A fungus (Lair:5)
  A plant (Lair:3)
538 creatures vanquished.

Vanquished Creatures (collateral kills)
  A hydra (Lair:2)
  A yak (Lair:2)
2 creatures vanquished.

Vanquished Creatures (others)
  A swamp dragon (Swamp:1)
  A tyrant leech (Swamp:1)
  A kobold (D:10)
  3 plants
6 creatures vanquished.

Grand Total: 546 creatures vanquished

Notes
Turn   | Place    | Note
-------+----------+-------------------------------------------
     0 | D:1      | Flugslaktarn the Deep Dwarf Fighter began the quest for the
                  | Orb.
     0 | D:1      | Reached XP level 1. HP: 20/20 MP: 1/1
   180 | D:1      | Reached XP level 2. HP: 22/27 MP: 2/2
   294 | D:2      | Found a shimmering blue altar of Sif Muna.
   297 | D:2      | Found a bloodstained altar of Trog.
   299 | D:2      | Found a stormy altar of Qazlal.
   355 | D:2      | Reached skill level 3 in Axes
   395 | D:2      | Reached XP level 3. HP: 27/34 MP: 3/3
   673 | D:3      | Noticed Natasha
   682 | D:3      | Killed Natasha
   682 | D:3      | Reached XP level 4. HP: 26/42 MP: 4/4
   740 | D:3      | Noticed Natasha
   746 | D:3      | Killed Natasha
   755 | D:3      | Noticed Natasha
   761 | D:3      | Killed Natasha
   761 | D:3      | Reached skill level 4 in Axes
   761 | D:3      | Reached XP level 5. HP: 47/49 MP: 5/5
   901 | D:3      | Noticed Robin
   915 | D:3      | Killed Robin
  1134 | D:3      | Found a glowing silver altar of Zin.
  1258 | D:3      | Noticed Sigmund
  1266 | D:3      | Killed Sigmund
  1266 | D:3      | Reached skill level 5 in Axes
  1266 | D:3      | Reached XP level 6. HP: 48/57 MP: 6/6
  1461 | D:4      | Noticed Blork the orc
  1464 | D:4      | Noticed Dowan
  1469 | D:4      | Noticed Duvessa
  1484 | D:4      | Killed Blork the orc
  1493 | D:4      | Killed Duvessa
  1493 | D:4      | Reached XP level 7. HP: 56/64 MP: 7/7
  1498 | D:4      | Killed Dowan
  1498 | D:4      | Reached skill level 5 in Armour
  1553 | D:4      | Reached skill level 6 in Axes
  1553 | D:4      | Reached skill level 5 in Shields
  1572 | D:4      | Found a blossoming altar of Fedhas.
  1742 | D:4      | Found a glowing drain.
  1746 | Sewer    | Entered a sewer
  1829 | Sewer    | Reached XP level 8. HP: 62/73 MP: 8/8
  1845 | Sewer    | Found a white marble altar of Elyvilon.
  1976 | D:4      | Noticed Grinder
  1990 | D:4      | Killed Grinder
  1990 | D:4      | Reached skill level 7 in Axes
  2054 | D:5      | Entered Level 5 of the Dungeon
  2143 | D:5      | Reached skill level 5 in Fighting
  2680 | D:5      | Found Ovaha's Distillery.
  2683 | D:5      | Bought 2 potions of mutation for 176 gold pieces
  2683 | D:5      | Gained mutation: You are clumsy. (Dex -2) [potion of
                  | mutation]
  2683 | D:5      | Gained mutation: You have sharp toenails. [potion of
                  | mutation]
  2683 | D:5      | Gained mutation: You expend magic power (3 MP) to
                  | strengthen your wands. [potion of mutation]
  2684 | D:5      | Lost mutation: You have sharp toenails. [potion of
                  | mutation]
  2684 | D:5      | Lost mutation: You expend magic power (3 MP) to strengthen
                  | your wands. [potion of mutation]
  2684 | D:5      | Lost mutation: You are clumsy. (Dex -2) [potion of
                  | mutation]
  2684 | D:5      | Gained mutation: You are frail. (-10% HP) [potion of
                  | mutation]
  2684 | D:5      | Gained mutation: You are resistant to electric shocks.
                  | (rElec) [potion of mutation]
  2684 | D:5      | Gained mutation: You have large cloven feet. [potion of
                  | mutation]
  2685 | D:5      | Lost mutation: You are frail. (-10% HP) [potion of
                  | mutation]
  2685 | D:5      | Lost mutation: You have large cloven feet. [potion of
                  | mutation]
  2685 | D:5      | Lost mutation: You are resistant to electric shocks.
                  | (rElec) [potion of mutation]
  2685 | D:5      | Gained mutation: Your flesh is heat resistant. (rF+)
                  | [potion of mutation]
  2685 | D:5      | Gained mutation: You are weak. (Str -2) [potion of
                  | mutation]
  2685 | D:5      | Gained mutation: Your flesh is cold resistant. (rC+)
                  | [potion of mutation]
  2717 | D:5      | Reached skill level 8 in Axes
  2956 | D:6      | Found a glowing golden altar of the Shining One.
  3089 | D:6      | Found Nosoa's Armour Shop.
  3273 | D:6      | Gained mutation: You passively map the area around you.
                  | [Deep Dwarf growth]
  3273 | D:6      | Reached XP level 9. HP: 64/81 MP: 7/7
  3679 | D:7      | Reached skill level 9 in Axes
  3692 | D:7      | Got a pair of scorched boots
  3698 | D:7      | Identified the +2 pair of boots "Dizips" {+Inv rElec rF-
                  | Stlth+} (You found it on level 7 of the Dungeon)
  3872 | D:7      | Found a staircase to the Ecumenical Temple.
  3883 | Temple   | Entered the Ecumenical Temple
  4207 | D:7      | Noticed a +0 hand axe
  4208 | D:7      | Found a hide-covered altar of Uskayaw.
  4208 | D:7      | Noticed a +0 dagger
  4214 | D:7      | Reached skill level 10 in Axes
  4333 | D:7      | Found a burning altar of Makhleb.
  4534 | D:7      | Became a worshipper of Makhleb the Destroyer
  4662 | D:8      | Found Faeles's Assorted Antiques.
  4675 | D:8      | Bought a scroll labeled ZOFFEFUMOT for 23 gold pieces
  4675 | D:8      | Bought a scroll labeled GEKOSA BYCIY for 23 gold pieces
  4675 | D:8      | Bought a curved silver wand for 92 gold pieces
  4892 | D:8      | Reached XP level 10. HP: 75/92 MP: 6/6
  5225 | D:9      | Found an iron altar of Okawaru.
  5247 | D:9      | Reached skill level 1 in Invocations
  5270 | D:9      | Found a staircase to the Lair.
  5284 | D:9      | Reached skill level 1 in Evocations
  5519 | D:9      | Found a hazy altar of Hepliaklqana.
  5523 | D:9      | Reached * piety under Makhleb
  5777 | D:10     | Entered Level 10 of the Dungeon
  5826 | D:10     | Found a shimmering blue altar of Sif Muna.
  6173 | D:11     | Noticed a two-headed ogre
  6183 | D:11     | Killed a two-headed ogre
  6306 | D:11     | Noticed a brown ugly thing
  6320 | D:11     | Killed a brown ugly thing
  6375 | D:11     | Noticed an orc knight
  6401 | D:11     | Killed an orc knight
  6401 | D:11     | Reached skill level 11 in Axes
  6431 | D:11     | Noticed an orc knight
  6444 | D:11     | Reached ** piety under Makhleb
  6456 | D:11     | Killed an orc knight
  6493 | D:11     | Found a roughly hewn altar of Beogh.
  6493 | D:11     | Found a staircase to the Orcish Mines.
  6678 | D:11     | Reached XP level 11. HP: 66/100 MP: 9/9
  6877 | Lair:1   | Entered Level 1 of the Lair of Beasts
  7647 | Lair:2   | Reached skill level 5 in Invocations
  7652 | Lair:2   | Reached skill level 5 in Evocations
  7907 | Orc:1    | Entered Level 1 of the Orcish Mines
  7998 | Orc:1    | Found Xaoghay's Assorted Antiques.
  8026 | Orc:1    | Noticed an orc warlord
  8028 | Orc:1    | Reached *** piety under Makhleb
  8061 | Orc:1    | Killed an orc warlord
  8061 | Orc:1    | Reached skill level 12 in Axes
  8194 | Orc:1    | Bought a faintly glowing glass ring for 140 gold pieces
  8194 | Orc:1    | Identified the ring of Propriety {-Tele rElec AC+1 Int+3}
                  | (You bought it in a shop on level 1 of the Orcish Mines)
  8303 | Orc:2    | Entered Level 2 of the Orcish Mines
  8340 | Orc:2    | Noticed an orc sorcerer
  8340 | Orc:2    | Noticed an orc knight
  8357 | Orc:2    | Killed an orc sorcerer
  8361 | Orc:2    | Killed an orc knight
  8534 | Orc:2    | Noticed an orc sorcerer
  8551 | Orc:2    | Paralysed by an orc sorcerer for 3 turns
  8558 | Orc:2    | Killed an orc sorcerer
  8707 | Lair:2   | Noticed a five-headed hydra
  8726 | Lair:2   | Killed a five-headed hydra
  8827 | Lair:2   | Reached XP level 12. HP: 110/110 MP: 10/12
  8983 | Lair:2   | Noticed Nergalle
  9010 | Lair:2   | Killed Nergalle
  9116 | Lair:2   | Found a hole to the Spider Nest.
  9768 | Lair:3   | Found a frozen archway.
  9793 | Lair:3   | Found a dark tunnel.
  9802 | Volcano  | Entered a volcano
 10114 | Volcano  | Found a radiant altar of Vehumet.
 10135 | Volcano  | Reached skill level 13 in Axes
 10140 | Volcano  | Reached skill level 10 in Armour
 10140 | Volcano  | Reached skill level 10 in Shields
 10241 | Volcano  | Noticed a red draconian
 10287 | Volcano  | Killed a red draconian
 10379 | IceCv    | Entered an ice cave
 10387 | IceCv    | Reached **** piety under Makhleb
 11010 | Lair:3   | Noticed Snorg
 11041 | Lair:3   | Killed Snorg
 11181 | Lair:3   | Found a staircase to the Swamp.
 11412 | Lair:4   | Reached skill level 14 in Axes
 11412 | Lair:4   | Reached XP level 13. HP: 121/121 MP: 14/14
 12145 | Lair:4   | Reached ***** piety under Makhleb
 12545 | Lair:5   | Got a transparent broad axe
 12546 | Lair:5   | Identified the +5 broad axe of Domination {flame, +Fly
                  | rPois Str-2 Int-5} (You found it on level 5 of the Lair of
                  | Beasts)
 12765 | Lair:5   | Noticed Rupert
 12791 | Lair:5   | Killed Rupert
 13020 | Lair:5   | Reached skill level 10 in Invocations
 13037 | Lair:5   | Reached skill level 15 in Axes
 13071 | Lair:5   | Noticed a fire dragon
 13089 | Lair:5   | Killed a fire dragon
 13153 | Lair:5   | Gained mutation: You resist negative energy. (rN+) [Deep
                  | Dwarf growth]
 13153 | Lair:5   | Reached XP level 14. HP: 130/130 MP: 15/15
 13327 | Lair:5   | Found a runed translucent door.
 13328 | Lair:5   | Found a viscous altar of Jiyva.
 13330 | Lair:5   | Found a staircase to the Slime Pits.
 13489 | Lair:6   | Entered Level 6 of the Lair of Beasts
 13511 | Lair:6   | Reached skill level 10 in Fighting
 14162 | Lair:6   | Found a burning altar of Makhleb.
 14226 | Lair:6   | Found a gateway to Hell.
 14466 | Swamp:1  | Entered Level 1 of the Swamp
 14478 | Swamp:1  | Reached ****** piety under Makhleb
 14563 | Swamp:1  | Identified a scroll of acquirement
 14567 | Swamp:1  | Reached skill level 16 in Axes
 14674 | Swamp:1  | You fall into a shaft and drop 1 floor!
 15001 | Swamp:2  | Reached skill level 1 in Dodging
 15009 | Swamp:2  | Reached XP level 15. HP: 120/140 MP: 17/17
 15024 | Swamp:3  | Noticed Bai Suzhen
 15153 | Swamp:2  | Killed from afar by Bai Suzhen

Levels and vault maps discovered:
D:1:      dpeg_arrival_leaves_temple_mockup, layout_loops_corners
D:2:      layout_rooms, grunt_temple_overflow_open
D:3:      layout_basic, zin_treasury, portal_sewer_entry_b, uniq_sigmund,
          uniq_natasha, uniq_robin
D:4:      layout_rooms, fedhas_altar_3, first_ration, gup_sewer_entry_bowl,
          uniq_blork_the_orc, uniq_grinder, uniq_duvessa
D:5:      layout_cave_pods, serial_shops, kennysheep_mini
D:6:      layout_loops_cross, nicolae_overflow_hidden_temple, serial_shops,
          shop_statue, minmay_quadrilaterals
D:7:      layout_loops_ring, kennysheep_little_box, dancing_weapons_uskayaw,
          temple_green, grunt_livestock, moated_statue
D:8:      layout_basic, serial_shops, shop
D:9:      layout_loops_cross, okawaru_ov_weapons_minmay, old_standard_altar,
          dpeg_oklobed_lair
D:10:     layout_rooms, basic_altar
D:11:     layout_small_grid, david_orc_5
Temple:   chequers_temple_sunken
Lair:1:   layout_regular_city, chequers_serial_rivers_marsh, grunt_megastairs_4,
          infiniplex_staircase_pool
Lair:2:   layout_cave_pods, spider_nest_entry_web_field, fungi_pond_lemuel,
          grunt_megastairs_1, lemuel_fruit_fields, uniq_nergalle
Lair:3:   layout_big_grid, nicolae_swamp_entry_splash_gauntlet,
          portal_ice_cave_entry_pillars_1, nicolae_volcano_entry_hallway,
          uniq_snorg
Lair:4:   layout_cave_pods, grunt_forest_large_clearing_hut, grunt_megastairs_5,
          serial_bayou_shore_a
Lair:5:   beast_lair_carwin_large_2, layout_regular_city, slime_altar_2,
          bobbens_dragon_lair_wall, uniq_rupert
Lair:6:   evil_forest, layout_gridlike, serial_bayou_pond_e, fungi_pond_lemuel,
          hibernation_bobbens
Swamp:1:  layout_basic_swamp, ebering_ghost_rock_garden, serial_swamp_ruin,
          evilmike_swamp_ruin_wall, evilmike_swamp_ruin_house_4,
          hangedman_swamp_ruin_hall
Swamp:2:  cheibrodos_swamp_monstrosity, layout_falls_marsh,
          evilmike_swamp_ruin_house_3
Swamp:3:  layout_falls_marsh, hangedman_swamp_diagram, uniq_bai_suzhen
Orc:1:    layout_caves, basic_altar, serial_shops, shop_statue
Orc:2:    kennysheep_orc_mage_school, layout_diamond_mine

Skill      XL: |  1  2  3  4  5  6  7  8  9 10 11 12 13 14 |
---------------+-------------------------------------------+-----
Axes           | 3 4 5 6 8 10 11 12 14 15 16 | 16.5
Fighting       | 3 4 5 6 7 8 9 10 | 10.8
Shields        | 4 5 6 7 8 9 10 11 12 | 12.5
Armour         | 4 5 6 7 8 9 10 11 12 | 12.5
Invocations    | 4 6 8 10 11 | 11.8
Evocations     | 4 6 |  6.0
Dodging        | 1 |  1.6

Action                   |  1- 3 |  4- 6 |  7- 9 | 10-12 | 13-15 || total
-------------------------+-------+-------+-------+-------+-------++-------
Melee: War axe           |    88 |   126 |   415 |   411 |   125 ||  1165
       Broad axe         |       |       |    10 |   478 |   649 ||  1137
Invok: Lesser Servant of |       |       |       |     2 |       ||     2
 Abil: Heal Wounds       |       |     3 |     9 |    21 |    19 ||    52
Evoke: Wand              |       |       |       |     4 |     1 ||     5
       Lamp of fire      |       |       |       |       |     2 ||     2
  Use: Potion            |       |       |     3 |     1 |       ||     4
       Scroll            |       |       |    11 |     7 |    12 ||    30
 Stab: Petrified         |       |       |       |       |     3 ||     3
       Petrifying        |       |       |       |       |     1 ||     1
  Eat: Chunk             |       |     2 |    14 |    18 |    12 ||    46
       Ration            |       |       |       |     2 |       ||     2
Armor: Scale mail        |    63 |    63 |   137 |   200 |       ||   463
       Chain mail        |       |       |       |    98 |   502 ||   600
Dodge: Dodged            |    35 |    41 |   111 |   270 |   332 ||   789
Block: Shield            |    84 |   109 |   283 |   660 |   671 ||  1807
       Reflection        |     1 |     5 |     4 |    14 |     9 ||    33
